 Dungeon Crawl Stone Soup version 0.25-a0-479-g8579842fd4 (webtiles) character file.

Game seed: 17332611186055931195, levelgen mode: deterministic

19 Kohma the Poker (level 2, -1/23 HPs)
             Began as a Merfolk Gladiator on Feb 9, 2020.
             Slain by a goblin (2 damage)
             ... led by Robin
             ... on level 1 of the Dungeon.
             The game lasted 00:01:47 (738 turns).

Kohma the Poker (Merfolk Gladiator)                  Turns: 738, Time: 00:01:48

Health: -1/23      AC:  4    Str: 16    XL:     2   Next: 75%
Magic:  2/2        EV: 15    Int:  7    God:
Gold:   37         SH: 11    Dex: 20    Spells: 1/1 levels left

rFire    . . .     SeeInvis .   a - +0 trident
rCold    . . .     Gourm    .   k - +0 large shield
rNeg     . . .     Faith    .   b - +0 leather armour
rPois    .         Spirit   .   c - +0 helmet
rElec    +         Reflect  .   (no cloak)
rCorr    .         Harm     .   (no gloves)
MR       .....                  (no boots)
Stlth    +++.......             (no amulet)
HPRegen  0.07/turn              (no ring)
MPRegen  0.08/turn              (no ring)

@: agile
A: change form in water, swift swim, stealthy swim, blurry vision 1, electricity
resistance, strong 1, MP-powered wands
a: no special abilities


You were on level 1 of the Dungeon.
You were not hungry.

You visited 1 branch of the dungeon, and saw 2 of its levels.

You collected 37 gold pieces.

Inventory:

Hand Weapons
 a - a +0 trident (weapon)
Missiles
 d - 3 throwing nets (quivered)
Armour
 b - a +0 leather armour (worn)
 c - a +0 helmet (worn)
 k - a +0 large shield (worn)
Jewellery
 l - an uncursed amulet of regeneration {unknown}
Scrolls
 i - 2 scrolls of teleportation {unknown}
 j - a scroll of enchant armour {unknown}
 m - a scroll of magic mapping {unknown}
 n - a scroll of immolation {unknown}
 o - a scroll of random uselessness {unknown}
Comestibles
 f - 4 rations


   Skills:
 + Level 2.4 Fighting
 * Level 4.9 Polearms
 - Level 2.0 Throwing
 * Level 4.5 Dodging
 + Level 0.4 Shields


You had one spell level left.
You didn't know any spells.
Your spell library was empty.

Dungeon Overview and Level Annotations

Branches:
Dungeon (2/15)

Altars:

Annotations:
D:2 Robin


Innate Abilities, Weirdness & Mutations

You revert to your normal form in water.
You are very nimble and swift while swimming.
You are very stealthy in the water. (Stealth+)
Scrolls take you a little longer to read.
You are resistant to electric shocks. (rElec)
Your muscles are strong. (Str +2)
You expend magic power (3 MP) to strengthen your wands.


Message History

You are too injured to fight recklessly!
You are too injured to fight recklessly!
The hobgoblin hits you with a +0 club.
* * * LOW HITPOINT WARNING * * *
You block the goblin's attack. The goblin hits you with a +0 dagger.
* * * LOW HITPOINT WARNING * * *
You block the goblin's attack. The goblin hits you but does no damage.
You climb upwards.
There is a stone staircase leading down here.
It was a potion of mutation.
You feel extremely strange.
You feel your magical essence link to the dungeon's wands.
Your vision blurs.
You feel insulated.
You feel stronger. You block the hobgoblin's attack.
The goblin closely misses you.
It was a potion of agility.
You feel agile all of a sudden. The goblin misses you.
The hobgoblin closely misses you.
You puncture the goblin!
You kill the goblin!
The hobgoblin misses you. The goblin hits you.
You die...

##############
#............##
#.####.........
####.####.#####.##
#@gg.......####.##
#g##.####......... #g##.#
#.#####.## #.##.# #.# #.#
########)##.####.# #.#
#...........(....#####.#
#.######...............##
#.# #...##############
#.# ###...# #


You could see a hobgoblin and 3 goblins.

Vanquished Creatures
  2 leopard geckos
  A bat (D:1)
  2 hobgoblins
  6 goblins
  3 kobolds (D:1)
  A rat (D:1)
15 creatures vanquished.

Notes
Turn   | Place    | Note
-------+----------+-------------------------------------------
     0 | D:1      | Kohma the Merfolk Gladiator began the quest for the Orb.
     0 | D:1      | Reached XP level 1. HP: 16/16 MP: 1/1
     7 | D:1      | Noticed a fire giant
     7 | D:1      | Noticed a worker ant
     7 | D:1      | Noticed a tyrant leech
     7 | D:1      | Noticed an iguana
   179 | D:1      | Reached XP level 2. HP: 17/23 MP: 2/2
   720 | D:2      | Noticed Robin
   734 | D:2      | HP: 1/23 [goblin/+0 dagger[Robin] (5)]
   736 | D:1      | Gained mutation: You expend magic power (3 MP) to
                  | strengthen your wands. [potion of mutation]
   736 | D:1      | Gained mutation: Scrolls take you a little longer to read.
                  | [potion of mutation]
   736 | D:1      | Gained mutation: You are resistant to electric shocks.
                  | (rElec) [potion of mutation]
   736 | D:1      | Gained mutation: Your muscles are strong. (Str +2) [potion
                  | of mutation]
   738 | D:1      | Slain by a goblin

Levels and vault maps discovered:
D:1:      onia_arrival_zoo_common, layout_loops_ring
D:2:      layout_rooms, uniq_sigmund, uniq_robin

Action                   || total
-------------------------++-------
Melee: Trident           ||    36
  Use: Potion            ||     2
 Stab: Sleeping          ||     1
Armor: Leather armour    ||    11
Dodge: Dodged            ||    31
Block: Large shield      ||    16

Table legend:
 A = Non-vault XP
 B = Vault XP
 C = Vault XP percentage of total XP
 D = Non-vault monster count
 E = Vault monster count
 F = Vault count percentage of total count
                 A         B        C        D         E       F
            +---------+---------+-------+---------+---------+-------
      Total |      22 |       6 |  21.4 |      12 |       3 |  20.0
            +---------+---------+-------+---------+---------+-------
        D:1 |      19 |       2 |   9.5 |      11 |       1 |   8.3
        D:2 |       3 |       4 |  57.1 |       1 |       2 |  66.7
            +---------+---------+-------+---------+---------+-------
